 Dungeon Crawl Stone Soup version 0.17-a0-377-gdd46233 (webtiles) character file.

156 Ryushun the Grave Robber (level 5, -1/33 HPs)
             Began as a Formicid Necromancer on Apr 1, 2015.
             Killed from afar by Blork the orc (7 damage)
             ... with a puff of flame
             ... on level 3 of the Dungeon.
             The game lasted 00:22:13 (2952 turns).

Ryushun the Grave Robber (Formicid Necromancer)     Turns: 2952, Time: 00:22:13

Health: -1/33      AC: 12    Str: 14    XL:     5   Next: 65%
Magic:  1/7        EV: 11    Int: 14    God:
Gold:   173        SH:  0    Dex:  8    Spells: 4 memorised, 1 level left

rFire  . . .     SeeInvis +     n - +3 mace (distort)
rCold  . . .     Clarity  .     f - +2 ring mail
rNeg   . . .     SustAb   .     (no shield)
rPois  .         Gourm    .     (helmet unavailable)
rElec  .         Spirit   .     k - +0 cloak (curse)
rCorr  .         Warding  .     (no gloves)
rMut   .         Stasis   +     (no boots)
MR     .....                    (no amulet)
Stlth  +.........               (no ring)
                                (no ring)

@: very slightly contaminated, not resistant to hostile enchantments, very
unstealthy
A: permanent stasis, dig shafts and tunnels, four strong arms, antennae 3, rough
black scales 1, clumsy 1, frail 1
a: Dig, Shaft Self


You were on level 3 of the Dungeon.
You were not hungry.

You visited 1 branch of the dungeon, and saw 3 of its levels.

You collected 173 gold pieces.

Inventory:

Hand weapons
 n - a +3 mace of distortion (weapon)
Missiles
 e - 31 stones (quivered)
 i - 35 sling bullets
 o - 17 bolts
 A - 3 tomahawks
Armour
 f - a +2 ring mail (worn)
 j - a +0 cloak
 k - a cursed +0 cloak (worn)
Magical devices
 l - a wand of polymorph (13)
Scrolls
 x - a scroll of teleportation
Potions
 a - a potion of poison {unknown}
 h - a potion of agility {unknown}
 u - a potion of might
Books
 b - a book of Necromancy

   Spells                             Type                      Level
   a - Pain                           Necromancy                   1
   b - Animate Skeleton               Necromancy                   1
   c - Vampiric Draining              Necromancy                   3
   d - Regeneration                   Charms/Necromancy            3
   e - Animate Dead                   Necromancy                   4
   f - Control Undead                 Necromancy                   4
Comestibles
 c - 2 bread rations


   Skills:
 * Level 1.2 Fighting
 * Level 1.2(1.3) Maces & Flails
   Level 0.6(1.0) Staves
 * Level 1.8 Armour
 * Level 2.7 Dodging
 * Level 3.0 Stealth
 - Level 0.4 Unarmed Combat
 + Level 2.6 Spellcasting
 * Level 0.2 Charms
 + Level 4.4 Necromancy
 * Level 0.7 Evocations


You had one spell level left.
You knew the following spells:

 Your Spells              Type           Power        Failure   Level  Hunger
a - Pain                  Necr           ##..         10%         1    #......
b - Animate Skeleton      Necr           N/A          10%         1    #......
c - Vampiric Draining     Necr           ##........   21%         3    ###....
d - Regeneration          Chrm/Necr      #.........   65%         3    ###....


Dungeon Overview and Level Annotations

Branches:
Dungeon (3/15)

Altars:

Annotations:
D:3 Blork the orc


Innate Abilities, Weirdness & Mutations

You are under a permanent stasis effect.
You can dig through walls and to a lower floor.
Your four strong arms can wield two-handed weapons with a shield.
You have a pair of large antennae on your head (SInv).
You are partially covered in rough black scales (AC +4, Dex -1).
You are clumsy. (Dex -2)
You are frail (-10% HP).


Message History

Blork the orc convulses in agony!
You are engulfed in a cloud of scalding steam.
Your ball python skeleton is engulfed in a cloud of scalding steam.
Throwing (i - inventory. (,) - cycle):
e - 33 stones (quivered)
Press: ? - help, Shift-Dir - straight line, f/p - Blork the orc
Aim: Blork the orc, wielding a dire flail of draining and wearing a robe (almost dead, fast, slightly transparent)
You throw a stone. The stone hits Blork the orc.
Blork the orc is almost dead.
Blork the orc points at you and mumbles some strange words.
The puff of frost hits you!
* * * LOW HITPOINT WARNING * * *
Throwing (i - inventory. (,) - cycle):
e - 32 stones (quivered)
Press: ? - help, Shift-Dir - straight line, f/p - Blork the orc
Aim: Blork the orc, wielding a dire flail of draining and wearing a robe (almost dead, fast, slightly transparent)
You throw a stone.
The stone hits Blork the orc but does no damage.
Blork the orc is almost dead.
Blork the orc gestures at you while chanting.
The puff of flame hits you!
You die...

##.#### ..((...##
####..# ...≈≈≈....#
.....### ...≈≈≈≈≈...##
.......#...≈≈...≈≈...#
####...#...≈≈.>.≈≈...#
# #.#.#...≈≈.(o≈≈...#
#.####...≈≈≈§≈...#
####.##.#....≈≈≈....#
.....#..##.....Z@..##
....##...##.......##
.....#....###.Z.###
ZZZZ......{{#...#
.....######{#...#
....## #.##.## ...##
#....# .### ###### .#


You could see Blork the orc (invisible), a friendly ball python skeleton and a
friendly orc skeleton.

Vanquished Creatures
  An orc priest (D:3)
  An orc wizard (D:3)
  An adder (D:2)
  2 worms
  5 giant geckos
  An ooze (D:3)
  7 orcs (D:3)
  8 bats
  3 giant cockroaches
  10 goblins
  3 hobgoblins
  2 ball pythons
  A giant newt (D:2)
  2 kobolds (D:2)
  7 rats
54 creatures vanquished.

Vanquished Creatures (collateral kills)
  An adder (D:3)
  3 giant geckos (D:2)
  4 bats
  3 hobgoblins
  3 goblins
  A kobold (D:2)
  5 rats
20 creatures vanquished.

Vanquished Creatures (others)
  An adder skeleton (D:3)
  3 bat skeletons
  A giant gecko skeleton (D:3)
  4 goblin skeletons
  A rat skeleton (D:2)
10 creatures vanquished.

Grand Total: 84 creatures vanquished

Notes
Turn   | Place    | Note
--------------------------------------------------------------
     0 | D:1      | Ryushun, the Formicid Necromancer, began the quest for the Orb.
     0 | D:1      | Reached XP level 1. HP: 13/13 MP: 3/3
   163 | D:1      | Learned a level 1 spell: Animate Skeleton
   511 | D:1      | Reached XP level 2. HP: 2/19 MP: 2/4
  1022 | D:1      | Reached XP level 3. HP: 18/24 MP: 5/5
  1031 | D:1      | Learned a level 3 spell: Vampiric Draining
  1044 | D:1      | You fall through a shaft!
  1048 | D:2      | Reached skill level 1 in Armour
  1270 | D:2      | Gained mutation: You are frail (-10% HP). [potion of mutation]
  1270 | D:2      | Gained mutation: You are clumsy. (Dex -2) [potion of mutation]
  1270 | D:2      | Gained mutation: You are partially covered in rough black scales (AC +4, Dex -1). [potion of mutation]
  1620 | D:2      | Reached XP level 4. HP: 15/27 MP: 6/6
  2058 | D:3      | Reached skill level 1 in Maces & Flails
  2127 | D:3      | Reached XP level 5. HP: 11/32 MP: 7/7
  2145 | D:3      | Reached skill level 1 in Fighting
  2149 | D:3      | HP: 1/33 [orc/dagger (2)]
  2445 | D:3      | Learned a level 3 spell: Regeneration
  2902 | D:3      | Noticed Blork the orc
  2952 | D:3      | Killed from afar by Blork the orc

Action                   |  1- 3 |  4- 6 || total
-------------------------+-------+-------++-------
Melee: Unarmed           |   114 |       ||   114
       Mace              |    29 |    63 ||    92
       Club              |    19 |       ||    19
Throw: Stone             |     2 |    16 ||    18
 Cast: Pain              |    14 |    14 ||    28
       Animate Skeleton  |    19 |    12 ||    31
  Use: Scroll            |     3 |     6 ||     9
       Potion            |     1 |     1 ||     2
  Eat: Chunk             |     2 |     4 ||     6
       Beef jerky        |       |     1 ||     1
